 Dungeon Crawl Stone Soup version 0.25.0-37-gb73750e0fb (webtiles) character file.

Game seed: 16180123514503916282

282 wojtek the Chopper (level 6, 0/53 HPs)
             Began as a Minotaur Fighter on July 9, 2020.
             Slain by a scorpion (4 damage)
             ... on level 4 of the Dungeon.
             The game lasted 00:01:59 (1859 turns).

wojtek the Chopper (Minotaur Fighter)               Turns: 1859, Time: 00:01:59

Health: 0/53       AC:  7    Str: 22    XL:     6   Next: 6%
Magic:  5/5        EV:  7    Int:  5    God:
Gold:   166        SH: 10    Dex: 14    Spells: 5/5 levels left

rFire    . . .     SeeInvis .   a - +0 war axe
rCold    . . .     Gourm    .   c - +0 kite shield
rNeg     . . .     Faith    .   b - +0 scale mail
rPois    .         Spirit   .   (helmet restricted)
rElec    .         Reflect  .   (no cloak)
rCorr    .         Harm     .   (no gloves)
MR       .....                  (no boots)
Stlth    ..........             (no amulet)
HPRegen  0.17/turn              (no ring)
MPRegen  0.09/turn              (no ring)

@: lethally poisoned (0 -> -6)
A: retaliatory headbutt, horns 2, agile 2, MP-powered wands
a: no special abilities


You were on level 4 of the Dungeon.
You were not hungry.

You visited 1 branch of the dungeon, and saw 4 of its levels.

You collected 166 gold pieces.

Inventory:

Hand Weapons
 a - a +0 war axe (weapon)
Missiles
 e - 2 silver javelins (quivered)
Armour
 b - a +0 scale mail (worn)
 c - a +0 kite shield (worn)
Jewellery
 m - an uncursed ring of fire {unknown}
Scrolls
 h - a scroll of enchant armour {unknown}
 i - a scroll of teleportation {unknown}
 k - a scroll of remove curse {unknown}
 l - a scroll of random uselessness {unknown}
 n - a scroll of magic mapping {unknown}
 o - a scroll of fear {unknown}
Potions
 d - 3 potions of might
 j - a potion of mutation
 p - a potion of ambrosia {unknown}
Comestibles
 f - 5 rations
 g - 3 chunks of flesh


   Skills:
 + Level 4.5 Fighting
 - Level 6.0 Axes
 + Level 4.6 Armour
 + Level 4.5 Shields


You had 5 spell levels left.
You didn't know any spells.
Your spell library was empty.

Dungeon Overview and Level Annotations

Branches:
Dungeon (3/15)

Altars:
Dithmenos


Innate Abilities, Weirdness & Mutations

You reflexively headbutt those who attack you in melee.
You have a pair of horns on your head.
You are very agile. (Dex +4)
You expend magic power (3 MP) to strengthen your wands.


Message History

It was a potion of mutation.
You feel extremely strange.
You feel your magical essence link to the dungeon's wands.
You feel agile. x2
* * * LOW HITPOINT WARNING * * *
You feel sick. The scorpion closely misses you. You furiously retaliate!
You headbutt the scorpion. You hit the scorpion.
The scorpion is almost dead.
* * * LOW HITPOINT WARNING * * *
You feel sick. You block the scorpion's attack. x2
Your scale mail prevents you from hitting the scorpion.
You headbutt the scorpion.
The scorpion is almost dead.
* * * LOW HITPOINT WARNING * * *
You feel sick. You block the scorpion's attack.
Your shield prevents you from hitting the scorpion.
The scorpion is almost dead.
* * * LOW HITPOINT WARNING * * *
You feel sick. The scorpion stings you.
You die...

..o .. .. #...
###.# .... ....
#..# .
#..###...## ..
##..#..#..#...
#)....##......
#..)........
#...@s......
#..............
#...$.#........
#.....##.......
####### ##.....
..... .... ....


You could see a scorpion.

Vanquished Creatures
  A scorpion (D:4)
  An orc priest (D:3)
  2 worker ants
  Robin (D:3)
  4 adders
  A shadow imp (D:4)
  3 worms
  A dart slug (D:3)
  6 orcs
  5 bats
  17 goblins
  8 hobgoblins
  10 jackals
  10 kobolds
  A quokka (D:3)
  A ball python (D:2)
  7 frilled lizards (D:1)
  9 rats
88 creatures vanquished.

Notes
Turn   | Place    | Note
-------+----------+-------------------------------------------
     0 | D:1      | wojtek the Minotaur Fighter began the quest for the Orb.
     0 | D:1      | Reached XP level 1. HP: 19/19 MP: 0/0
    65 | D:1      | Reached skill level 3 in Axes
   120 | D:1      | Reached XP level 2. HP: 25/26 MP: 1/1
   242 | D:1      | Reached skill level 4 in Axes
   411 | D:1      | Reached XP level 3. HP: 31/31 MP: 2/2
   910 | D:2      | Reached skill level 5 in Axes
  1014 | D:2      | Reached XP level 4. HP: 39/39 MP: 3/3
  1543 | D:3      | Reached skill level 6 in Axes
  1565 | D:3      | Noticed Robin
  1577 | D:3      | Killed Robin
  1577 | D:3      | Reached XP level 5. HP: 39/46 MP: 4/4
  1770 | D:3      | Found a shadowy altar of Dithmenos.
  1839 | D:3      | You fall into a shaft and drop 1 floor!
  1854 | D:4      | Reached XP level 6. HP: 13/53 MP: 5/5
  1856 | D:4      | Gained mutation: You expend magic power (3 MP) to
                  | strengthen your wands. [potion of mutation]
  1856 | D:4      | Gained mutation: You are agile. (Dex +2) [potion of
                  | mutation]
  1856 | D:4      | Gained mutation: You are very agile. (Dex +4) [potion of
                  | mutation]
  1859 | D:4      | Slain by a scorpion

Illustrated notes

Levels and vault maps discovered:
D:1:      dpeg_arrival_tiny_a, layout_rooms
D:2:      layout_loops_ring, st_stairs_4
D:3:      layout_basic, nicolae_dithmenos_shadow_blocks, serial_curves,
          eino_curves_02, eino_curves_04, chequers_serial_rivers_micro_b,
          uniq_robin
D:4:      layout_cave_pools, nemelex_xobeh_ov_fountains_minmay

Skill      XL: |  1  2  3  4  5 |
---------------+----------------+-----
Axes           | 3 4 5 6 |  6.0
Fighting       | 4 |  4.5
Armour         | 4 |  4.6
Shields        | 4 |  4.5

Action                   |  1- 3 |  4- 6 || total
-------------------------+-------+-------++-------
Melee: War axe           |    99 |    86 ||   185
       Headbutt          |    16 |    16 ||    32
  Use: Potion            |       |     1 ||     1
  Eat: Chunk             |     1 |     2 ||     3
Armor: Scale mail        |    49 |    27 ||    76
Dodge: Dodged            |    41 |    26 ||    67
Block: Kite shield       |    52 |    51 ||   103
